 Dungeon Crawl Stone Soup version 0.28-a0-883-gc8d7bad45d (webtiles) character file.

Game seed: 15001687285478467296

1906 croobank the Sneak (level 9, -25/55 HPs)
             Began as an Octopode Hedge Wizard on Nov 21, 2021.
             Was an Initiate of Gozag.
             Annihilated by a reaper (33 damage)
             ... on level 1 of the Abyss.
             The game lasted 01:05:16 (8563 turns).

croobank the Sneak (Octopode Hedge Wizard)          Turns: 8563, Time: 01:05:19

Health: -25/55     AC:  3    Str: 13    XL:     9   Next: 16%
Magic:  14/17      EV: 14    Int: 16    God:    Gozag
Gold:   641        SH:  0    Dex: 11    Spells: 3/19 levels left

rFire   . . .      SeeInvis +   c - +1 short sword (venom)
rCold   . . .      Faith    .   (no shield)
rNeg    . . .      Spirit   .   w - +2 hat
rPois   .          Reflect  .   d - amulet of regeneration
rElec   .          Harm     .   l - ring of wizardry
rCorr   .          Rampage  .   r - ring of see invisible
Will    +....                   v - ring of willpower
Stlth   ++++......              (no ring)
HPRegen 1.18/turn               (no ring)
MPRegen 0.15/turn               (no ring)
                                (no ring)
                                (no ring)

@: no status effects
A: almost no armour, amphibious, 8 rings, camouflage 1, gelatinous body 1,
(nimble swimmer 1), tentacles
a: Renounce Religion, Potion Petition, Call Merchant, Bribe Branch


You were on level 1 of the Abyss.
You worshipped Gozag.
Gozag was pleased with you.
You visited 1 branch of the dungeon, and saw 7 of its levels.
You visited the Abyss 1 time.

You collected 989 gold pieces.
You spent 348 gold pieces at shops.

Inventory:

Hand Weapons
 a - a +1 spear of venom
 c - a +1 short sword of venom (weapon)
 e - a +0 hand axe
 t - a +0 quick blade
 y - a +0 halberd
 z - a +0 scimitar
 B - a +0 rapier
 D - a +0 dagger
Missiles
 k - 132 stones
 m - 8 boomerangs
Armour
 w - a +2 hat (worn)
Jewellery
 d - an amulet of regeneration (around mantle)
 l - a ring of wizardry (left tentacle)
 n - an amulet of reflection
 r - a ring of see invisible (right tentacle)
 v - a ring of willpower (on tentacle)
 x - an amulet of regeneration
Wands
 o - a wand of flame (11)
Scrolls
 b - a scroll of noise
 f - a scroll of amnesia
 g - 4 scrolls of teleportation
 h - 5 scrolls of identify
 i - a scroll of immolation
 j - a scroll of enchant armour
 s - a scroll of vulnerability
 u - a scroll of blinking
Potions
 p - a potion of mutation
 C - 2 potions of curing


   Skills:
 + Level 2.9 Fighting
 + Level 5.4 Short Blades
 + Level 4.3 Dodging
 + Level 6.1 Stealth
 + Level 0.5 Shields
 + Level 5.9 Spellcasting
 - Level 3.5 Conjurations
 - Level 1.1 Summonings
 + Level 1.1 Translocations
 * Level 3.1 Ice Magic
 - Level 0.1 Air Magic
 - Level 1.0 Earth Magic
 + Level 1.0 Evocations


You had 3 spell levels left.
You knew the following spells:

 Your Spells              Type           Power      Damage    Failure   Level
a - Magic Dart            Conj           64%        1d6       1%          1
b - Sandblast             Erth           14%        2d6       4%          1
c - Slow                  Hex            16%        N/A       6%          1
d - Call Imp              Summ           8%         N/A       5%          2
e - Blink                 Tloc           16%        N/A       5%          2
f - Mephitic Cloud        Conj/Pois/Air  8%         N/A       11%         3
g - Stone Arrow           Conj/Erth      24%        3d8       6%          3
h - Ozocubu's Armour      Ice            14%        N/A       4%          3

Your spell library contained the following spells:

 Spells                   Type           Power      Damage    Failure   Level
 Passwall                 Tmut/Erth      5%         N/A       7%          2
 Conjure Flame            Conj/Fire      10%        6-21      9%          3
 Confusing Touch          Hex            4%         N/A       16%         3
 Vampiric Draining        Necr           4%         2d6       16%         3
 Metabolic Englaciation   Hex/Ice        4%         N/A       58%         5
 Borgnjor's Vile Clutch   Necr/Erth      3%         N/A       75%         5
 Alistair's Intoxication  Tmut/Pois      2%         N/A       80%         5
 Simulacrum               Ice/Necr       4%         N/A       98%         6
 Eringya's Noxious Bog    Tmut/Pois      2%         N/A       100%        6


Dungeon Overview and Level Annotations

Branches:
Dungeon (7/15)             Temple (0/1) D:5

Altars:
Dithmenos
Fedhas
Gozag
Kikubaaqudgha
Wu Jian

Shops:
D:1 =   D:2 ?[   D:5 =

Annotations:
D:3 exclusion: oklob plant


Innate Abilities, Weirdness & Mutations

You cannot wear most types of armour.
You are amphibious.
You can wear up to eight rings at the same time.
Your skin changes colour to match your surroundings (Stealth+).
Your rubbery body absorbs attacks. (AC +1, EV +1)
((You are camouflaged near water. (Stealth+)))
You have tentacles for arms and can constrict up to eight enemies at once.


Message History

Found 31 stones.
A hell hound comes into view.
The hell hound barks!
You hear a bark!
The hell hound breathes flames at you. The blast of flame hits you!
You hear a bark!
You open the door.
Found a gateway leading out of the Abyss.
A hell hound comes into view.
There is an open door here.
You close the door.
A reaper comes into view. It is wielding a +2 scythe of freezing.
Casting: Stone Arrow (dangerous; 6% risk of failure)
Confirm with . or Enter, or press ? or * to list all spells.
Okay, then.
Casting: Stone Arrow (dangerous; 6% risk of failure)
Confirm with . or Enter, or press ? or * to list all spells.
Okay, then.
Casting: Stone Arrow (dangerous; 6% risk of failure)
Confirm with . or Enter, or press ? or * to list all spells.
Aiming: Stone Arrow (dangerous; 6% risk of failure)
Press: ? - help, Shift-Dir - straight line, f - reaper
Aim: a reaper, wielding a +2 scythe of freezing (wandering, hasn't noticed you, 68% to hit)
The stone arrow hits the reaper!
The reaper is moderately wounded.
The reaper hits you from afar with a +2 scythe of freezing!!!
Ouch! That really hurt!
The reaper freezes you!
* * * LOW HITPOINT WARNING * * *
Casting: Stone Arrow (dangerous; 6% risk of failure)
Confirm with . or Enter, or press ? or * to list all spells.
Okay, then.
Okay, then.
As you read the scroll of fear, it crumbles to dust.
You assume a fearsome visage.
The reaper resists with almost no effort.
The reaper hits you from afar with a +2 scythe of freezing!!
Ouch! That really hurt!
You die...
Your body crumbles into a pile of gold.

.≈... .#.. ..
..§... . ##.
.≈§#.'# ## ....
..§#...## .......
..#..... ## .##..
..........# 2..#
.h........###.##...
.........h+.@.#.∩#
..........###.....#
..........# ....#..
.#.h...###$ .###...
. #.. ... ..# #.
##..... #.# ##.##..
.# .. .( .# #.. ...


You could see a reaper.

Vanquished Creatures
  A centaur zombie (D:6)
  A vampire (D:7)
  An orc warrior (D:7)
  A black bear (D:4)
  A centaur (D:4)
  Blork the orc (D:6)
  A kobold brigand (D:7)
  A bullfrog (D:6)
  2 scorpions
  4 water moccasin skeletons
  An orc priest (D:5)
  3 hounds (D:5)
  A jelly (D:6)
  A gnoll shaman (D:6)
  An iguana (D:6)
  2 centaur skeletons
  3 orc wizards (D:5)
  A killer bee zombie (D:6)
  2 howler monkey zombies
  A howler monkey skeleton (D:6)
  8 gnolls
  6 adders
  A white imp (D:7)
  An adder skeleton (D:4)
  3 worms
  A dart slug (D:3)
  10 orcs
  2 bats (D:3)
  6 endoplasms
  3 giant cockroaches
  4 goblins
  5 hobgoblins
  3 jackals (D:5)
  8 quokkas
  4 ball pythons
  2 frilled lizards
  9 kobolds
  8 rats
114 creatures vanquished.

Vanquished Creatures (collateral kills)
  2 orc wizards (D:3)
2 creatures vanquished.

Grand Total: 116 creatures vanquished

Notes
Turn   | Place    | Note
-------+----------+-------------------------------------------
     0 | D:1      | croobank the Octopode Hedge Wizard began the quest for the
                  | Orb.
     0 | D:1      | Reached XP level 1. HP: 11/11 MP: 4/4
   415 | D:1      | Found a faded altar of an unknown god.
   424 | D:1      | Prayed at the altar of an unknown god.
   424 | D:1      | Became a worshipper of Gozag Ym Sagoz the Greedy
   518 | D:1      | Found Pemumnat's Jewellery Boutique.
   591 | D:1      | Reached XP level 2. HP: 14/17 MP: 6/6
  1196 | D:1      | Learned a level 1 spell: Sandblast
  1341 | D:1      | Reached skill level 1 in Short Blades
  1885 | D:2      | Found Qoxuofos's Magic Scroll Shop.
  1889 | D:2      | Bought a scroll of identify for 22 gold pieces
  1889 | D:2      | Bought a scroll of identify for 22 gold pieces
  1889 | D:2      | Bought a scroll of identify for 22 gold pieces
  1889 | D:2      | Bought a scroll of identify for 22 gold pieces
  1903 | D:2      | Reached XP level 3. HP: 21/21 MP: 6/8
  2334 | D:2      | Bought a scroll of identify for 22 gold pieces
  2334 | D:2      | Bought a scroll of identify for 22 gold pieces
  2334 | D:2      | Bought a scroll of teleportation for 33 gold pieces
  2334 | D:2      | Bought a scroll of teleportation for 33 gold pieces
  2609 | D:2      | Found Peefipt's Antique Armour Emporium.
  2753 | D:2      | Learned a level 1 spell: Slow
  2756 | D:2      | Learned a level 2 spell: Call Imp
  2818 | D:2      | Learned a level 2 spell: Blink
  3214 | D:3      | Reached XP level 4. HP: 13/27 MP: 5/9
  3429 | D:3      | Reached skill level 3 in Stealth
  4111 | D:3      | Found a blossoming altar of Fedhas.
  4126 | D:3      | Noticed an oklob plant
  4339 | D:3      | Reached XP level 5. HP: 32/32 MP: 8/11
  4817 | D:1      | Bought a ring of see invisible for 150 gold pieces
  4822 | D:1      | Learned a level 3 spell: Mephitic Cloud
  4919 | D:4      | Found an ornate altar of the Wu Jian Council.
  4924 | D:4      | Noticed a centaur
  4938 | D:4      | Killed a centaur
  4958 | D:4      | Reached skill level 4 in Stealth
  4958 | D:4      | Reached XP level 6. HP: 5/37 MP: 6/12
  5321 | D:4      | Learned a level 3 spell: Stone Arrow
  5565 | D:4      | Noticed a black bear
  5588 | D:4      | Killed a black bear
  5827 | D:4      | Reached skill level 5 in Spellcasting
  6024 | D:5      | Entered Level 5 of the Dungeon
  6038 | D:5      | Reached skill level 1 in Fighting
  6038 | D:5      | Reached XP level 7. HP: 40/43 MP: 10/14
  6103 | D:5      | Found Wishri's Jewellery Boutique.
  6197 | D:5      | Reached skill level 1 in Earth Magic
  6230 | D:5      | Found a staircase to the Ecumenical Temple.
  6271 | D:5      | Found a shadowy altar of Dithmenos.
  6273 | D:5      | Found an ancient bone altar of Kikubaaqudgha.
  6721 | D:5      | Learned a level 3 spell: Ozocubu's Armour
  6819 | D:6      | Reached skill level 5 in Stealth
  6828 | D:6      | Noticed Blork the orc
  6919 | D:6      | Reached XP level 8. HP: 48/48 MP: 9/15
  6923 | D:6      | Killed Blork the orc
  6937 | D:6      | Reached skill level 1 in Ice Magic
  7582 | D:6      | Reached skill level 1 in Evocations
  8019 | D:7      | Noticed a vampire
  8039 | D:7      | Killed a vampire
  8040 | D:7      | Reached skill level 5 in Short Blades
  8040 | D:7      | Reached skill level 6 in Stealth
  8040 | D:7      | Reached XP level 9. HP: 29/55 MP: 10/17
  8512 | D:7      | Cast into level 1 of the Abyss (orc warrior)
  8561 | Abyss:1  | Noticed a reaper
  8563 | Abyss:1  | Annihilated by a reaper

Illustrated notes

Levels and vault maps discovered:
D:1:      psy_arrival_fountain, layout_basic,
          shapermc_ecumenical_altar_totnotflames, serial_shops, shop_fountains,
          kennysheep_another_room, grunt_decor_resistance
D:2:      layout_loops_ring, serial_shops, nicolae_lakefront_shop,
          nicolae_shop_hallway_stairs
D:3:      layout_basic, tgw_fedhas, gup_sewer_entry_bowl, grunt_ministairs_14,
          feat_on_display
D:4:      layout_cave_pods, nicolae_wu_jian_wuxing_cycle,
          minmay_misc_feat_square
D:5:      layout_basic, chequers_temple_overflow_statue_of_worship,
          minmay_temple_entry_overgrown, serial_shops, shop
D:6:      layout_loops_ring, grunt_ministairs_10, uniq_blork_the_orc
D:7:      layout_loops_corners, minivault_26, kennysheep_dice
Abyss:1:  base:
D:4

Skill      XL: |  1  2  3  4  5  6  7  8  9 |
---------------+----------------------------+-----
Short Blades   | 1 2 3 5 |  5.4
Stealth        | 3 4 5 6 |  6.1
Conjurations   | 2 3 |  3.5
Spellcasting   | 4 5 |  5.9
Fighting       | 1 2 |  2.9
Earth Magic    | 1 |  1.0
Ice Magic      | 2 3 |  3.1
Dodging        | 4 |  4.3
Evocations     | 1 |  1.0
Shields        | |  0.5
Summonings     | |  1.1
Translocations | |  1.1
Air Magic      | |  0.1

Action                   |  1- 3 |  4- 6 |  7- 9 || total
-------------------------+-------+-------+-------++-------
Melee: Short sword       |    50 |    39 |   146 ||   235
       Dagger            |     7 |       |       ||     7
       Constrict         |    14 |    10 |    25 ||    49
       Tentacles         |     5 |     8 |    34 ||    47
 Cast: Magic Dart        |    66 |    54 |    75 ||   195
       Blink             |       |     2 |       ||     2
       Call Imp          |       |     4 |       ||     4
       Stone Arrow       |       |     1 |     8 ||     9
       Mephitic Cloud    |       |     1 |     8 ||     9
       Ozocubu's Armour  |       |       |     1 ||     1
       Sandblast         |       |       |     1 ||     1
Evoke: Wand              |       |       |     8 ||     8
  Use: Scroll            |     5 |     6 |     5 ||    16
       Potion            |       |     4 |     1 ||     5
 Stab: Sleeping          |       |     2 |     4 ||     6
       Confused          |       |       |     1 ||     1
       Distracted        |       |       |     1 ||     1
Armor: Skin              |     1 |     4 |    34 ||    39
Dodge: Dodged            |    34 |    19 |    92 ||   145
Block: Other             |       |     7 |       ||     7
       Reflection        |       |     1 |       ||     1

Table legend: (Time is in decaauts)
 A = Elapsed time spent in this place.
 B = Non-inter-level travel time spent in this place.
 C = Inter-level travel time spent in this place.
 D = Time resting spent in this place.
 E = Time spent auto-exploring this place.
 F = Levels seen in this place.
 G = Mean time per level.
                   A        B        C        D        E       F      G
               +--------+--------+--------+--------+--------+-----+--------+
         Total |   8550 |   8036 |    514 |   1380 |   4838 |   8 | 1068.8 |
       Dungeon |   8499 |   7985 |    514 |   1341 |   4838 |   7 | 1214.1 |
         Abyss |     50 |     50 |      0 |     39 |      0 |   1 |   50.0 |
               +--------+--------+--------+--------+--------+-----+--------+

Top non-repeatable levels by time:
     D:1: 1987 daAuts
     D:3: 1852 daAuts
     D:4: 1109 daAuts
     D:2: 1077 daAuts
     D:6: 1032 daAuts
     D:5: 797 daAuts
     D:7: 643 daAuts
 Abyss:1: 50 daAuts
